AoeStats
← Tunga

Arabian Desert

508878121Analyzed
1v1 RM · 8d ago on Sep 24, 2026· 66m 42s· 2 players
Game mode
Random Map
Map size
Tiny (2 player)
Population
200
Speed
Normal
Resources
Standard
Victory
Conquest
Starting age
Dark Age
Ending age
Imperial Age
RankedLock teamsTeams togetherTeam positionsShared explorationLock speedFull tech treeHidden civsTurbo modeCheats
Victory
Defeat
🇹🇷 Gurjaras · Türkiye
754
+17
🇨🇳 Khitans · China
782
-17
Tunga
13:18 Feudal Age
11:34 Loom
13:58 Horse Collar
14:08 Double-Bit Axe
15:28 Wheelbarrow
19:59 Bloodlines
24:41 Castle Age
27:59 Hand Cart
40:53 Imperial Age
41:01 Husbandry
44:21 Chemistry
47:29 Ballistics
47:26 Elite Chakram Thrower
51:50 Light Cavalry
56:17 Hoardings
60:41 Kshatriyas
60:10 Hussar
62:02 Sappers
3591651431
4:03 Loom
10:12 Feudal Age
10:38 Double-Bit Axe
19:53 Castle Age
18:26 Forging
19:37 Man-at-Arms
20:56 Bow Saw
24:00 Scale Mail Armor
25:02 Arson
28:18 Fletching
34:19 Bodkin Arrow
34:26 Gold Mining
34:39 Stone Mining
37:23 Wheelbarrow
42:31 Imperial Age
40:22 Squires
39:45 Long Swordsman
41:04 Hand Cart
49:44 Light Cavalry
51:06 Conscription
51:31 Hussar
53:43 Domestication
Connection lost

Rejoining the realm…

Still unreachable

The connection could not be restored.

Session expired

The server has moved on; the page needs a fresh start.